Workbook
Name AbaDeprec: '5. Depreciação'!$A$1
Name AbaRemun: '6.Remuneração de capital'!$A$1

Sheet 1. Coleta Domiciliar
A1: CONCORRÊNCIA Nº 01/2018
A3: ANEXO X - Planilha de Custos
A5: MUNICÍPIO DE FAXINAL DO SOTURNO
A8: 1. Coleta de Resíduos Sólidos
A9: Planilha de Composição de Custos
A11: Orçamento Sintético
A12: Descrição do Item | E12: Custo (R$/mês) | F12: %
A13: =A46 -> 1. Mão-de-obra | E13: =+F87 -> 8794.4117 | F13: =IFERROR(E13/$E$31,0) -> 0.28783265
A14: =A48 -> 1.1. Coletor Turno Dia | E14: =F58 -> 4630.5485 | F14: =IFERROR(E14/$E$31,0) -> 0.15155341
A15: =A60 -> 1.2. Motorista Turno do Dia | E15: =F72 -> 2718.8331 | F15: =IFERROR(E15/$E$31,0) -> 0.088984799
A16: =A74 -> 1.3. Vale-refeição (diário) | E16: =F78 -> 1043.53 | F16: =IFERROR(E16/$E$31,0) -> 0.034153735
A17: =A81 -> 1.4. Auxílio Alimentação (mensal) | E17: =F85 -> 401.5 | F17: =IFERROR(E17/$E$31,0) -> 0.01314071
A18: =A89 -> 2. Uniformes e Equipamentos de Proteção Individual | E18: =+F121 -> 354.91383 | F18: =IFERROR(E18/$E$31,0) -> 0.011615989
A19: =A123 -> 3. Veículos e Equipamentos | E19: =+F204 -> 14701.851 | F19: =IFERROR(E19/$E$31,0) -> 0.48117747
A20: =A125 -> 3.1. Veículo Coletor Compactador 15 m³ | E20: =SUM(E21:E26) -> 9901.851 | F20: =IFERROR(E20/$E$31,0) -> 0.32407808
A21: =A127 -> 3.1.1. Depreciação | E21: =F141 -> 1273.3853 | F21: =IFERROR(E21/$E$31,0) -> 0.041676679
A22: =A143 -> 3.1.2. Remuneração do Capital | E22: =F157 -> 897.40356 | F22: =IFERROR(E22/$E$31,0) -> 0.029371157
A23: =A159 -> 3.1.3. Impostos e Seguros | E23: =F165 -> 228.78808 | F23: =IFERROR(E23/$E$31,0) -> 0.0074880144
A24: =A167 -> 3.1.4. Consumos | E24: =F183 -> 4663.074 | F24: =IFERROR(E24/$E$31,0) -> 0.15261794
A25: =A185 -> 3.1.5. Manutenção | E25: =F188 -> 2308.8 | F25: =IFERROR(E25/$E$31,0) -> 0.075564808
A26: =A190 -> 3.1.6. Pneus | E26: =F197 -> 530.4 | F26: =IFERROR(E26/$E$31,0) -> 0.017359483
A27: 3.2. Containers | E27: =F202 -> 4800 | F27: =IFERROR(E27/$E$31,0) -> 0.15709939
A28: =A206 -> 4. Ferramentas e Materiais de Consumo | E28: =+F216 -> 37.083333 | F28: =IFERROR(E28/$E$31,0) -> 0.0012137019
A29: =A218 -> 5. Monitoramento da Frota | E29: =+F227 -> 43.678333 | F29: =IFERROR(E29/$E$31,0) -> 0.0014295499
A30: =A231 -> 6. Benefícios e Despesas Indiretas - BDI | E30: =+F237 -> 6621.9673 | F30: =IFERROR(E30/$E$31,0) -> 0.21673063
A31: PREÇO TOTAL MENSAL COM A COLETA | E31: =E13+E18+E19+E28+E29+E30 -> 30553.905 | F31: =F13+F18+F19+F28+F29+F30 -> 1
A34: Quantitativos
A35: Mão-de-obra | E35: Quantidade
A36: =+A48 -> 1.1. Coletor Turno Dia | E36: =C57 -> 2
A37: =+A60 -> 1.2. Motorista Turno do Dia | E37: =C71 -> 1
A38: Total de mão-de-obra (postos de trabalho) | E38: =SUM(E36:E37) -> 3
A40: Veículos e Equipamentos | E40: Quantidade
A41: =+A125 -> 3.1. Veículo Coletor Compactador 15 m³ | E41: =C140 -> 1
A44: Fator de utilização (FU) | B44: 0.73
A46: 1. Mão-de-obra
A48: 1.1. Coletor Turno Dia
A49: Discriminação | B49: Unidade | C49: Quantidade | D49: Custo unitário | E49: Subtotal | F49: Total (R$)
A50: Piso da categoria | B50: mês | C50: 1 | D50: 1221.88 | E50: =C50*D50 -> 1221.88
A51: Horas Extras (100%) ref. a 8 feriados no período | B51: hora | C51: 5.5 | D51: =((D50+(D50*0.4))/220)*2 -> 15.5512 | E51: =C51*D51 -> 85.5316 | G51: Excluir esta linha caso a contratação não tenha previsão de horas extras 100% explícita no edital
A52: Descanso Semanal Remunerado (DSR) - hora extra | B52: R$ | D52: =63/302*(SUM(E51:E51)) -> 17.842685 | E52: =D52 -> 17.842685 | G52: Excluir esta linha caso a contratação não tenha previsão de horas extras explícita no edital
A53: Adicional de Insalubridade | B53: % | C53: 40 | D53: =E50 -> 1221.88 | E53: =C53*D53/100 -> 488.752
A54: Soma | E54: =SUM(E50:E53) -> 1814.0063
A55: Encargos Sociais | B55: % | C55: ='2.Encargos Sociais'!$C$34*100 -> 74.84 | D55: =E54 -> 1814.0063 | E55: =D55*C55/100 -> 1357.6023
A56: Total por Coletor | E56: =E54+E55 -> 3171.6086
A57: Total do Efetivo | B57: homem | C57: 2 | D57: =E56 -> 3171.6086 | E57: =C57*D57 -> 6343.2172
D58: Fator de utilização | E58: =$B$44 -> 0.73 | F58: =E57*E58 -> 4630.5485
A60: 1.2. Motorista Turno do Dia
A61: Discriminação | B61: Unidade | C61: Quantidade | D61: Custo unitário | E61: Subtotal | F61: Total (R$)
A62: Piso da categoria (1) | B62: mês | C62: 1 | D62: 1674 | E62: =C62*D62 -> 1674
A63: Salário mínimo nacional (2) | B63: mês | C63: 1 | D63: 954
A64: Horas Extras (100%) ref. a 8 feriados no período | B64: hora | C64: 5.5 | D64: =((D62+(D62*0.2))/220)*2 -> 18.261818 | E64: =C64*D64 -> 100.44 | G64: Excluir esta linha caso a contratação não tenha previsão de horas extras 100% explícita no edital
A65: Descanso Semanal Remunerado (DSR) - hora extra | B65: R$ | D65: =63/302*(SUM(E64:E64)) -> 20.952715 | E65: =D65 -> 20.952715 | G65: Excluir esta linha caso a contratação não tenha previsão de horas extras explícita no edital
A66: Base de cálculo da Insalubridade | C66: 2
A67: Adicional de Insalubridade | B67: % | C67: 20 | D67: =E62 -> 1674 | E67: =C67*D67/100 -> 334.8
A68: Soma | E68: =SUM(E62:E67) -> 2130.1927
A69: Encargos Sociais | B69: % | C69: ='2.Encargos Sociais'!$C$34*100 -> 74.84 | D69: =E68 -> 2130.1927 | E69: =D69*C69/100 -> 1594.2362
A70: Total por Motorista | E70: =E68+E69 -> 3724.4289
A71: Total do Efetivo | B71: homem | C71: 1 | D71: =E70 -> 3724.4289 | E71: =C71*D71 -> 3724.4289
D72: Fator de utilização | E72: =$B$44 -> 0.73 | F72: =E71*E72 -> 2718.8331
A74: 1.3. Vale-refeição (diário)
A75: Discriminação | B75: Unidade | C75: Quantidade | D75: Custo unitário | E75: Subtotal | F75: Total (R$)
A76: Coletor Turno Dia - cfe Convenção | B76: unidade | C76: =((4.33*4)*2) -> 34.64 | D76: 16 | E76: =C76*D76 -> 554.24
A77: Motorista Turno Dia - cfe Convenção | B77: unidade | C77: =4.33*4 -> 17.32 | D77: 23,00 / 21,00 | E77: =((17.32*23)+(4.33*21)) -> 489.29
A78: * Considerada semana = (52 semanas/ano) / (12 meses/ano) = 4,33 semanas/mês = 4,33*4 dias de coleta. | F78: =SUM(E76:E77) -> 1043.53
A79: * 17,32 dias/mês = almoço (R$ 23,00) e 4,33 dias/mês = janta (R$ 21,00).
A81: 1.4. Auxílio Alimentação (mensal)
A82: Discriminação | B82: Unidade | C82: Quantidade | D82: Custo unitário | E82: Subtotal | F82: Total (R$)
A83: =+A76 -> Coletor Turno Dia - cfe Convenção | B83: unidade | E83: =C83*D83 -> 0
A84: =+A77 -> Motorista Turno Dia - cfe Convenção | B84: unidade | C84: 1 | D84: =140+410 -> 550 | E84: =C84*D84 -> 550
A85: * Considerado custo Ticket aliment. R$ 140,00 (na Convenção R$ 146,00 descontado do empregado R$ 6,00 de co-particip.) + vale de R$ 410,00. | D85: Fator de utilização | E85: =$B$44 -> 0.73 | F85: =SUM(E83:E84)*E85 -> 401.5
A87: Custo Mensal com Mão-de-obra (R$/mês) | F87: =F85+F78+F72+F58 -> 8794.4117
A89: 2. Uniformes e Equipamentos de Proteção Individual
A91: 2.1. Uniformes e EPIs para Coletor
A93: Discriminação | B93: Unidade | C93: Durabilidade (meses) | D93: Custo unitário | E93: Subtotal | F93: Total (R$)
A94: Jaqueta com reflexivo (NBR 15.292) | B94: unidade | C94: 6 | D94: 150 | E94: =IFERROR(D94/C94,0) -> 25
A95: Calça | B95: unidade | C95: 4 | D95: 45.8 | E95: =IFERROR(D95/C95,0) -> 11.45
A96: Camiseta | B96: unidade | C96: 4 | D96: 35.2 | E96: =IFERROR(D96/C96,0) -> 8.8
A97: Boné | B97: unidade | C97: 6 | D97: 22 | E97: =IFERROR(D97/C97,0) -> 3.6666667
A98: Botina de segurança c/ palmilha aço | B98: par | C98: 6 | D98: 75.5 | E98: =IFERROR(D98/C98,0) -> 12.583333
A99: Meia de algodão com cano alto | B99: par | C99: 4 | D99: 5.5 | E99: =IFERROR(D99/C99,0) -> 1.375
A100: Capa de chuva amarela com reflexivo | B100: unidade | C100: 6 | D100: 35.5 | E100: =IFERROR(D100/C100,0) -> 5.9166667
A101: Colete reflexivo | B101: unidade | C101: 6 | D101: 45 | E101: =IFERROR(D101/C101,0) -> 7.5
A102: Luva de proteção | B102: par | C102: 2 | D102: 17 | E102: =IFERROR(D102/C102,0) -> 8.5
A103: Protetor solar FPS 30 | B103: frasco 120g | C103: 4 | D103: 25 | E103: =IFERROR(D103/C103,0) -> 6.25
A104: Higienização de uniformes e EPIs | B104: R$ mensal | C104: 1 | D104: 80 | E104: =C104*D104 -> 80
A105: Total do Efetivo | B105: homem | C105: 2 | D105: =+SUM(E94:E104) -> 171.04167 | E105: =C105*D105 -> 342.08333
D106: Fator de utilização | E106: =$B$44 -> 0.73 | F106: =E105*E106 -> 249.72083
A108: 2.2. Uniformes e EPIs para demais categorias
A110: Discriminação | B110: Unidade | C110: Durabilidade (meses) | D110: Custo unitário | E110: Subtotal | F110: Total (R$)
A111: Jaqueta com reflexivo (NBR 15.292) | B111: unidade | C111: 6 | D111: =+D94 -> 150 | E111: =IFERROR(D111/C111,0) -> 25
A112: Calça | B112: unidade | C112: 6 | D112: =+D95 -> 45.8 | E112: =IFERROR(D112/C112,0) -> 7.6333333
A113: Camiseta | B113: unidade | C113: 4 | D113: =+D96 -> 35.2 | E113: =IFERROR(D113/C113,0) -> 8.8
A114: Botina de segurança c/ palmilha aço | B114: par | C114: 6 | D114: =+D98 -> 75.5 | E114: =IFERROR(D114/C114,0) -> 12.583333
A115: Capa de chuva amarela com reflexivo | B115: unidade | C115: 6 | D115: =+D100 -> 35.5 | E115: =IFERROR(D115/C115,0) -> 5.9166667
A116: Protetor solar FPS 30 | B116: frasco 120g | C116: 6 | D116: =+D103 -> 25 | E116: =IFERROR(D116/C116,0) -> 4.1666667
A117: Higienização de uniformes e EPIs | B117: R$ mensal | C117: 1 | D117: 80 | E117: =C117*D117 -> 80
A118: Total do Efetivo | B118: homem | C118: 1 | D118: =+SUM(E111:E117) -> 144.1 | E118: =C118*D118 -> 144.1
D119: Fator de utilização | E119: =$B$44 -> 0.73 | F119: =E118*E119 -> 105.193
A121: Custo Mensal com Uniformes e EPIs (R$/mês) | F121: =+F106+F119 -> 354.91383
A123: 3. Veículos e Equipamentos
...

Sheet 2.Encargos Sociais
A1: Orientações para preenchimento:
A2: 1. Preencha previamente os dados de entrada na planilha 3.CAGED
A4: 2. Composição dos Encargos Sociais
A5: Código | B5: Descrição | C5: Valor
A6: A1 | B6: INSS | C6: 0.2
A7: A2 | B7: SESI | C7: 0.015
A8: A3 | B8: SENAI | C8: 0.01
A9: A4 | B9: INCRA | C9: 0.002
A10: A5 | B10: SEBRAE | C10: 0.006
A11: A6 | B11: Salário educação | C11: 0.025
A12: A7 | B12: Seguro contra acidentes de trabalho | C12: 0.03
A13: A8 | B13: FGTS | C13: 0.08
A14: A | B14: SOMA GRUPO A | C14: =SUM(C6:C13) -> 0.368
A16: B1 | B16: Férias gozadas | C16: =ROUND(IF('3.CAGED'!C39>24,(1-12/'3.CAGED'!C39)*0.1111,0.1111-C25),4) -> 0.0632
A17: B2 | B17: 13º salário | C17: =ROUND('3.CAGED'!C33/'3.CAGED'!C30,4) -> 0.0833
A18: B3 | B18: Licença Paternidade | C18: 0.0006
A19: B4 | B19: Faltas justificadas | C19: 0.0082
A20: B5 | B20: Auxilio acidente de trabalho | C20: 0.0031
A21: B6 | B21: Auxilio doença | C21: 0.0166
A22: B | B22: SOMA GRUPO B | C22: =SUM(C16:C21) -> 0.175
A24: C1 | B24: Aviso prévio indenizado | C24: =ROUND(('3.CAGED'!C38) *'3.CAGED'!C29/'3.CAGED'!C30,4) -> 0.0361
A25: C2 | B25: Férias indenizadas | C25: =ROUND(IF('3.CAGED'!C39>12,12/'3.CAGED'!C39*0.1111,0.1111),4) -> 0.0479
A26: C3 | B26: Férias indenizadas s/ aviso previo inden. | C26: =ROUND(('3.CAGED'!C32+'3.CAGED'!C31)/360*C24,4) -> 0.004
A27: C4 | B27: Depósito rescisão sem justa causa | C27: =ROUND(('3.CAGED'!C30+'3.CAGED'!C31+'3.CAGED'!C33)/'3.CAGED'!C28*'3.CAGED'!C35*'3.CAGED'!C36*'3.CAGED'!C29/'3.CAGED'!C30,4) -> 0.0372
A28: C5 | B28: Indenização adicional | C28: =ROUND(('3.CAGED'!C32/'3.CAGED'!C30)*'3.CAGED'!C29/12,4) -> 0.0025
A29: C | B29: SOMA GRUPO C | C29: =SUM(C24:C28) -> 0.1277
A31: D1 | B31: Reincidência de Grupo A sobre Grupo B | C31: =ROUND(C14*C22,4) -> 0.0644
A32: D2 | B32: Reincidência de Grupo A sobre aviso prévio indenizado | C32: =ROUND((C24*C14),4) -> 0.0133
A33: D | B33: SOMA GRUPO D | C33: =SUM(C31:C32) -> 0.0777
B34: SOMA (A+B+C+D) | C34: =C33+C29+C22+C14 -> 0.7484

Sheet 3.CAGED
A1: CÁLCULO DAS VERBAS INDENIZATÓRIAS DOS EMPREGADOS NO SETOR DE COLETA DE RSU
A3: Para preencher esta planilha siga os passos 1 a 5:
A4: 1. Acesse o Portal do CAGED no link http://bi.mte.gov.br/cagedestabelecimento/pages/consulta.xhtml
A5: 2. Na Especificação da Consulta, selecione "Demonstrativo por período" e informe as competências relativas ao período Inicial e Final (últimos 12 meses)
A6: 3. Nível Geográfico: selecione "Unidade da Federação" e marque a opção "Rio Grande do Sul"
A7: 4. Nível Setorial: selecione "Classe de atividade econômica segundo a classificação CNAE – versão 2.0 (669 categorias)" e marque a opção "38114 – Coleta de Resíduos Não-Perigosos"
A8: 5. Clique em Gerar Relatório
A9: 6. Preencha as células em amarelo
B11: 3. CAGED
B12: Rio Grande do Sul - Coleta de Resíduos Não-Perigosos - CNAE 38114
B13: Admissões | C13: 1935
B14: Desligamentos | C14: 2742
B15: Dispensados com justa causa | C15: 118
B16: Dispensados sem justa causa | C16: 1957
B17: Espontâneos | C17: 330
B18: Fim de contrato por prazo determinado | C18: 24
B19: Término de contrato | C19: 280
B20: Aposentados | C20: 0
B21: Mortos | C21: 24
B22: Transferência de saída | C22: 0
B23: Indicadores
B24: Estoque recuperado início do Período 01-07-2017 | C24: 5832
B25: Estoque recuperado final do Período 30-06-2018 | C25: 5025
B26: Variação Emprego Absoluta de 01-07-2017 a 30-06-2018 | C26: -807
B28: Rotatividade | C28: =MEDIAN(C13,C14)/MEDIAN(C24,C25) -> 0.43078198 | G28: =12/C28 -> 27.856318
B29: Demitidos s/ Justa Causa em relação ao Estoque Médio | C29: =C16/MEDIAN(C24,C25) -> 0.36050474
B30: Dias ano | C30: 360
B31: 1/3 de férias (dias) | C31: 10
B32: Férias (dias) | C32: 30 | G32: =TRUNC(G37) -> 3
B33: 13º Salário (dias) | C33: 30
B34: Estoque Médio | C34: =MEDIAN(C24,C25) -> 5428.5
B35: FGTS | C35: 0.08 | K35: =IF(C39>12,C39-12,C39) -> 15.856318
B36: Multa FGTS | C36: 0.5 | K36: =IF(#REF!>12,#REF!-12,#REF!) -> #REF!
B37: Fração de tempo para gozo férias | C37: =((1/C28)-TRUNC(E37)) -> 0.32135985 | D37: =TRUNC(E37) -> 2 | E37: =1/C28 -> 2.3213598 | F37: =((1/C28)-TRUNC(E37)) -> 0.32135985 | G37: =12*F37 -> 3.8563182 | K37: =IF(#REF!>12,#REF!-12,#REF!) -> #REF!
B38: Dias de Aviso prévio | C38: =30+D38 -> 36 | D38: =3*D37 -> 6 | G38: =G37/12*40/360 -> 0.03570665 | K38: =IF(#REF!>12,#REF!-12,#REF!) -> #REF!
B39: Rotatividade temporal (meses) | C39: =12/C28 -> 27.856318 | K39: =IF(#REF!>12,#REF!-12,#REF!) -> #REF!
K40: =IF(K39>12,K39-12,K39) -> #REF!
K41: =IF(K40>12,K40-12,K40) -> #REF!

Sheet 4.BDI
A1: Orientações para preenchimento:
A2: 1. Esta planilha é somente um modelo-base e deve ser ajustada conforme cada caso concreto.
A3: 2. Preencher somente células em amarelo
A6: 4. Composição do BDI - Benefícios e Despesas Indiretas
D8: Referência estudo TCE
D9: 1° Quartil | E9: Médio | F9: 3° Quartil
A10: Administração Central | B10: AC | C10: 0.0508 | D10: 0.0297 | E10: 0.0508 | F10: 0.0627
A11: Seguros/Riscos/Garantias | B11: SRG | C11: 0.0133 | D11: =0.3%+0.56% -> 0.0086 | E11: =0.48%+0.85% -> 0.0133 | F11: =0.82%+0.89% -> 0.0171
A12: Lucro | B12: L | C12: 0.12 | D12: 0.0778 | E12: 0.1085 | F12: 0.1355
A13: Despesas Financeiras | B13: DF | C13: =(1+E13)^(E14/252)-1 -> 0 | D13: i
A14: Tributos - ISS | B14: T | C14: 0.03 | D14: DU
A15: Tributos - PIS/COFINS | C15: 0.0365
A16: Fórmula para o cálculo do BDI:
A17: {[(1+AC+SRG) x (1+L) x (1+DF)] / (1-T)} -1
A18: Resultado do cálculo do BDI: | C18: =ROUND((((1+C10+C11)*(1+C12)*(1+C13))/(1-(C14+C15))-1),4) -> 0.2767 | D18: 0.2143 | E18: 0.2717 | F18: 0.3362

Sheet 5. Depreciação
A1: 5. Depreciação Referencial TCE/RS (%)
A2: Idade do veículo (ano) | B2: Depreciação Média
A3: 1 | B3: 33.63
A4: 2 | B4: 43.13
A5: 3 | B5: 48.68
A6: 4 | B6: 52.62
A7: 5 | B7: 55.68
A8: 6 | B8: 58.18
A9: 7 | B9: 60.29
A10: 8 | B10: 62.12
A11: 9 | B11: 63.73
A12: 10 | B12: 65.18
A13: 11 | B13: 66.48
A14: 12 | B14: 67.67
... A17: 15 | B17: 70.73

Sheet 6.Remuneração de capital
A1: 6. Remuneração de Capital
A3: Fórmula de cálculo da remuneração de capital:
A12: Jm = remuneração de capital mensal
A13: i = taxa de juros do mercado (sugere-se adotar a taxa SELIC)
A14: Im = investimento médio
A15: V0 = valor inicial do bem
A16: Vr = valor residual do bem
A17: n = vida útil do bem em anos

Sheet 7. Dimensionamento
A1: Orientações para preenchimento:
A2: 1. Esta planilha é somente um modelo de cálculo expedito e deve ser ajustada conforme cada caso concreto.
A3: 2. Dimensionar separadamente setores atendidos por veículos de capacidade de carga diferentes.
A4: 3. Preencher somente células em amarelo
A6: 7. Dimensionamento da frota
A8: Indicador | B8: Unid | C8: Valor
A9: População (H) | B9: hab | C9: 6867
A10: Geração per capita (G) | B10: Kg/hab.dia | C10: =0.0362741*C9^0.2336249 -> 0.28573337
A11: Geração total diária (Qd) | B11: ton/dia | C11: =C9*C10/1000 -> 1.9621311
A12: Geração Mensal | B12: ton | C12: =(C11*30) -> 58.863932
A13: Número de dias de coleta por semana (Dc) | B13: dia | C13: 4
A14: Quantitativo diário de coleta (Qc) | B14: ton/dia | C14: =IFERROR(C11*7/C13,0) -> 3.4337293
A15: Densidade RSU compactado | B15: Kg/m³ | C15: 500
A16: Tipo de Veículo (1 = toco, 2 = truck) | C16: 1
A17: Capacidade do Compactador | B17: m³ | C17: 15
A18: Capacidade nominal de carga (Cc) | B18: ton | C18: =IF(AND(C17>=15,C16=1),5.8,C17/2) -> 5.8
A19: Número de Cargas por dia (Nc) | C19: =IFERROR(C14/C18,0) -> 0.5920223
A20: Número total de percursos de coleta por veículo, por dia (Np) | C20: 1
A21: Número de veículos da Frota (F) | C21: =IFERROR(C19/C20,0) -> 0.5920223
